 Dungeon Crawl Stone Soup version 0.30.0-19-g36f170ea60 (webtiles) character file.

Game seed: 3431986020455428001

987 Graphine the Ducker (level 8, -9/64 HPs)
             Began as a Merfolk Monk on May 28, 2023.
             Was a High Priest of Okawaru.
             Mangled by laial's ghost (11 damage)
             ... on level 6 of the Dungeon.
             The game lasted 00:09:26 (2976 turns).

Graphine the Ducker (Merfolk Monk)                  Turns: 2976, Time: 00:09:26

Health: -9/64      AC:  7    Str: 11    XL:     8   Next: 18%
Magic:  11/11      EV: 16    Int:  9    God:    Okawaru [*****.]
Gold:   72         SH:  0    Dex: 19    Spells: 7/7 levels left

rFire   . . .        o - +0 long sword (venom)
rCold   + . .        d - orb {light}
rNeg    . . .        v - +3 leather armour
rPois   .            A - +0 helmet
rElec   .            (no cloak)
rCorr   .            (no gloves)
SInv    .            (no boots)
Will    .....        p - amulet of faith
Stlth   +            h - +4 ring of slaying
HPRegen 0.30/turn    n - ring of protection from cold
MPRegen 0.12/turn

%: faith
@: on berserk cooldown, hasted and slowed, glowing
A: (nimble swimmer 2), mertail
a: Renounce Religion, Heroism, Finesse, Duel


You were on level 6 of the Dungeon.
You worshipped Okawaru.
Okawaru was extremely pleased with you.
You visited 1 branch of the dungeon, and saw 6 of its levels.

You collected 205 gold pieces.
You spent 133 gold pieces at shops.

Inventory:

Hand Weapons
 a - a +0 falchion
 o - a +0 long sword of venom (weapon)
 t - a +2 short sword of speed
Missiles
 l - 6 javelins (quivered)
 F - 3 boomerangs
Armour
 b - a +1 robe
 d - an orb of light (worn)
 v - a +3 leather armour (worn)
 A - a +0 helmet (worn)
Jewellery
 h - a +4 ring of slaying (left hand)
 n - a ring of protection from cold (right hand)
 p - an amulet of faith (around neck)
 q - a ring of flight
 w - a +6 ring of dexterity
 z - a +6 ring of intelligence
Scrolls
 f - a scroll of silence
 r - a scroll of enchant armour
 u - a scroll of blinking
 y - 3 scrolls of magic mapping
 C - 2 scrolls of teleportation {unknown}
 E - a scroll of enchant weapon {unknown}
Potions
 c - 3 potions of ambrosia
 e - 2 potions of flight
 g - 2 potions of haste
 i - 5 potions of curing
 j - a potion of heal wounds
 k - a potion of berserk rage
 m - 2 potions of brilliance {unknown}
 s - a potion of attraction {unknown}
 x - 2 potions of invisibility {unknown}
 D - a potion of mutation {unknown}


   Skills:
 + Level 6.0 Fighting
 + Level 6.7 Long Blades
 + Level 7.2 Dodging
 + Level 4.6 Invocations


You had 7 spell levels left.
You didn't know any spells.
Your spell library contained the following spells:

 Spells                   Type           Power      Damage    Failure   Level
 Necrotise                Necr           0%         1d4       47%         1
 Poisonous Vapours        Pois/Air       0%         N/A       63%         2
 Static Discharge         Conj/Air       0%         2-2/arc   63%         2
 Mephitic Cloud           Conj/Pois/Air  0%         N/A       85%         3
 Vampiric Draining        Necr           0%         2d6       85%         3
 Airstrike                Air            0%         2d(0-16)  99%         4
 Agony                    Necr           0%         N/A       100%        5
 Freezing Cloud           Conj/Ice/Air   0%         6-21      100%        5
 Iskenderun's Battlesphe  Conj           0%         2d6       100%        5
 Iron Shot                Conj/Erth      0%         9d1       100%        6
 Summon Lightning Spire   Summ/Air       Unusable   N/A       N/A         4
 Spellforged Servitor     Conj/Summ      Unusable   N/A       N/A         7

Dungeon Overview and Level Annotations

Branches:
Dungeon (6/15)             Temple (0/1) D:5

Altars:
Gozag
Okawaru

Shops:
D:3 ?

Annotations:
D:5 1 transporter, Rello's ghost, novice HOFi
D:6 laial's ghost, novice OgCA


Innate Abilities, Weirdness & Mutations

((You are very nimble when in or above water. (Stealth+, EV+, Speed+++)))
Your lower body shifts to a powerful aquatic tail in water.


Message History

You slash laial's ghost!
Laial's ghost is moderately damaged.
The ice beast closely misses you. The adder closely misses you.
Laial's ghost hits you! Laial's ghost burns you.
You slash laial's ghost!
Laial's ghost is moderately damaged.
The adder bites you but does no damage. Laial's ghost misses you.
The ice beast closely misses you.
You slash laial's ghost!
Laial's ghost is heavily damaged.
The adder closely misses you.
You hit laial's ghost.
Laial's ghost is heavily damaged.
The ice beast completely misses you. Laial's ghost hits you.
Laial's ghost burns you. The adder completely misses you.
You slash laial's ghost!
Laial's ghost is severely damaged.
You are no longer berserk.
You are exhausted.
You feel yourself slow down. The ice beast misses you. Laial's ghost hits you.
Laial's ghost burns you. The adder bites you but does no damage.
You hit laial's ghost.
Laial's ghost is severely damaged.
The adder barely misses you. The ice beast barely misses you.
Laial's ghost hits you! Laial's ghost burns you. The adder bites you.
Hit: o) +0 long sword (venom)
Press: ? - help, Dir - move target, f - adder
Aim: an adder (haloed, about 30% to evade your +0 long sword of venom)
Okay, then.
You feel yourself speed up. The ice beast hits you. The ice beast freezes you.
You resist.
* * * LOW HITPOINT WARNING * * *
Laial's ghost hits you!
* * * LOW HITPOINT WARNING * * *
Laial's ghost burns you.
* * * LOW HITPOINT WARNING * * *
The adder bites you but does no damage.
The ice beast hits you but does no damage.
Laial's ghost hits you!
You die...

#...## ###..##
####...##
#..).#.#########
#.####.........##
###.############..##
..........### ##...#
##...######.8∩##...#
##...#####....W#@..#
(.......##8$.$$WYS.#
####.....#∩$8_.'...#
...+...(.#8.$.$'..##
####.....#....$#$.#
.....##∩8∩##..#
.....######### ....


You could see a wraith, an ice beast, laial's ghost and an adder.

Vanquished Creatures
  The ghost of Rello the Sneak, an amateur KoBr (D:4)
  An ice beast (D:4)
  A phantom (D:5)
  3 scorpions
  A howler monkey (D:4)
  3 quasits (D:4)
  A hound (D:4)
  5 iguanas
  7 adders
  A white imp (D:5)
  A worm (D:2)
  4 dart slugs
  11 orcs
  7 ball pythons
  5 bats
  4 endoplasms
  2 giant cockroaches
  10 goblins
  7 hobgoblins
  4 jackals
  13 kobolds
  5 quokkas
  8 frilled lizards
  6 rats
111 creatures vanquished.

Notes
Turn   | Place    | Note
-------+----------+-------------------------------------------
     0 | D:1      | Graphine the Merfolk Monk began the quest for the Orb.
     0 | D:1      | Reached XP level 1. HP: 18/18 MP: 1/1
    38 | D:1      | Noticed a golden eye
    40 | D:1      | Found a faded altar of an unknown god.
    53 | D:1      | Reached XP level 2. HP: 13/24 MP: 2/2
    54 | D:1      | Noticed a golden eye
   155 | D:1      | Noticed an eye of devastation
   156 | D:1      | Noticed a shining eye
   161 | D:1      | Prayed at the altar of an unknown god.
   161 | D:1      | Became a worshipper of Warmaster Okawaru
   161 | D:1      | Reached * piety under Okawaru
   161 | D:1      | Reached ** piety under Okawaru
   275 | D:1      | Reached XP level 3. HP: 28/30 MP: 3/3
   565 | D:2      | Reached skill level 1 in Invocations
   663 | D:2      | Reached XP level 4. HP: 36/37 MP: 4/4
   721 | D:2      | Reached *** piety under Okawaru
  1310 | D:3      | Reached skill level 5 in Dodging
  1310 | D:3      | Reached XP level 5. HP: 26/42 MP: 6/6
  1821 | D:3      | Found Veuh Miroo's Magic Scroll Boutique.
  1831 | D:3      | Bought a scroll of brand weapon for 133 gold pieces
  1959 | D:4      | Noticed Rello's ghost (amateur KoBr)
  1965 | D:4      | Found a transporter.
  1988 | D:4      | Found a transporter.
  2004 | D:4      | Reached skill level 5 in Long Blades
  2008 | D:4      | Reached XP level 6. HP: 44/49 MP: 6/8
  2109 | D:4      | Reached **** piety under Okawaru
  2188 | D:4      | Noticed an ice beast
  2197 | D:4      | Killed an ice beast
  2277 | D:4      | Reached skill level 5 in Fighting
  2277 | D:4      | Reached skill level 6 in Dodging
  2312 | D:4      | Reached XP level 7. HP: 56/56 MP: 9/9
  2473 | D:4      | Killed Rello's ghost
  2473 | D:4      | Reached ***** piety under Okawaru
  2532 | D:5      | Entered Level 5 of the Dungeon
  2675 | D:5      | Reached skill level 7 in Dodging
  2675 | D:5      | Reached XP level 8. HP: 55/64 MP: 11/11
  2808 | D:5      | Found a transporter.
  2814 | D:5      | Noticed Rello's ghost (novice HOFi)
  2871 | D:5      | Found a staircase to the Ecumenical Temple.
  2887 | D:5      | You fall into a shaft and drop 1 floor!
  2951 | D:6      | Found a runed translucent gate.
  2951 | D:6      | Found a runed translucent gate.
  2951 | D:6      | Found a runed translucent gate.
  2952 | D:6      | Found an opulent altar of Gozag.
  2953 | D:6      | Noticed laial's ghost (novice OgCA)
  2953 | D:6      | Noticed a wraith
  2976 | D:6      | HP: 2/64 [laial's ghost (3)]
  2976 | D:6      | Mangled by laial's ghost

Illustrated notes

Levels and vault maps discovered:
D:1:      wander_arrival_desolate, layout_rooms,
          hellmonk_ecumenical_altar_watching_god
D:2:      layout_rooms, corexii_hall_statues_x, minmay_cupped
D:3:      minmay_general_purpose_star, layout_rooms, serial_shops, shop
D:4:      layout_cave_pools, gammafunk_ghost_stat_death
D:5:      layout_basic, marbit_many_paths, minmay_temple_entry_trees,
          gammafunk_ghost_gnarly_gnolls
D:6:      layout_basic, zin_angel, trog_three_pillars_becter,
          lemuel_coloured_pillars_altar, ebering_ghost_gozag,
          uniq_prince_ribbit1

Skill      XL: |  1  2  3  4  5  6  7  8 |
---------------+-------------------------+-----
Long Blades    | 4 5 6 |  6.7
Invocations    | 1 2 3 4 |  4.6
Fighting       | 4 5 6 |  6.0
Dodging        | 5 6 7 |  7.2

Action                     |  1- 3 |  4- 6 |  7- 9 || total
---------------------------+-------+-------+-------++-------
  Melee: Falchion          |    76 |    22 |       ||    98
         Long sword        |       |    90 |    64 ||   154
  Throw: Javelin           |       |       |     2 ||     2
    Use: Scroll            |       |    11 |     2 ||    13
         Potion            |       |       |     3 ||     3
 Armour: Robe              |    12 |     6 |       ||    18
         Leather armour    |       |    12 |    43 ||    55
  Dodge: Dodged            |    58 |    82 |    97 ||   237
